 Dungeon Crawl Stone Soup version 0.29-a0-40-g8eb35efe60 (webtiles) character file.

Game seed: 2093328363369545614

110 lonewolfV2 the Chopper (level 4, 0/60 HPs)
             Began as a Hill Orc Fighter on Feb 1, 2022.
             Slain by a gnoll (3 damage)
             ... on level 3 of the Dungeon.
             The game lasted 00:03:44 (1990 turns).

lonewolfV2 the Chopper (Hill Orc Fighter)           Turns: 1990, Time: 00:03:45

Health: 0/60       AC:  7    Str: 20    XL:     4   Next: 91%
Magic:  4/4        EV:  9    Int:  8    God:
Gold:   114        SH:  0    Dex: 10    Spells: 3/3 levels left

rFire   . . .      SeeInvis .   a - +0 war axe
rCold   + . .      Faith    .   c - +1 buckler
rNeg    . . .      Spirit   .   b - +0 scale mail
rPois   .          Reflect  +   (no helmet)
rElec   .          Harm     .   (no cloak)
rCorr   .          Rampage  .   (no gloves)
Will    .....                   (no boots)
Stlth   ..........              p - amulet of reflection
HPRegen 0.20/turn               e - ring of protection from cold
MPRegen 0.09/turn               (no ring)

@: confused, berserking, ambrosia-drunk, very quick
A: no striking features
a: no special abilities


You were on level 3 of the Dungeon.
You visited 1 branch of the dungeon, and saw 3 of its levels.

You collected 114 gold pieces.

Inventory:

Hand Weapons
 a - a +0 war axe (weapon)
Armour
 b - a +0 scale mail (worn)
 c - a +1 buckler (worn)
Jewellery
 e - a ring of protection from cold (left hand)
 h - a ring of protection from cold
 p - an amulet of reflection (around neck)
Scrolls
 g - a scroll of holy word
 i - a scroll of teleportation
 n - a scroll of identify
Potions
 d - a potion of might
 k - a potion of flight {unknown}
 o - a potion of curing {unknown}


   Skills:
 + Level 4.0 Fighting
 + Level 4.3 Axes
 + Level 4.2 Armour
 + Level 1.0 Dodging
 + Level 3.7 Shields


You had 3 spell levels left.
You didn't know any spells.
Your spell library contained the following spells:

 Spells                   Type           Power      Damage    Failure   Level
 Ensorcelled Hibernation  Hex/Ice        0%         N/A       94%         2
 Sublimation of Blood     Necr           0%         N/A       94%         2
 Spider Form              Tmut/Pois      0%         N/A       99%         3
 Anguish                  Hex/Necr       0%         N/A       100%        4
 Petrify                  Tmut/Erth      0%         N/A       100%        4
 Irradiate                Conj/Tmut      0%         3d14      100%        5


Dungeon Overview and Level Annotations

Branches:
Dungeon (3/15)

Altars:
The Shining One


Message History

The gnoll is severely wounded.
You closely miss the gnoll. You barely miss the gnoll. You hit the gnoll.
The gnoll hits you with a +0 spear! The gnoll barely misses you. x3
You block the gnoll's attack. The gnoll hits you with a +0 club.
You block the gnoll's attack.
You slash the gnoll!
You kill the gnoll!
You barely miss the gnoll. You completely miss the gnoll.
You closely miss the gnoll. The gnoll barely misses you.
You block the gnoll's attack. The gnoll hits you but does no damage.
The gnoll hits you with a +0 spear.
* * * LOW HITPOINT WARNING * * *
Okay, then.
It was a potion of ambrosia.
You are confused.
You feel invigorated. The gnoll hits you with a +0 club.
* * * LOW HITPOINT WARNING * * *
The gnoll hits you with a +0 whip.
* * * LOW HITPOINT WARNING * * *
The gnoll hits you with a +0 spear.
* * * LOW HITPOINT WARNING * * *
It was a potion of berserk rage.
A red film seems to cover your vision as you go berserk!
You feel yourself moving faster!
You feel mighty! The gnoll hits you with a +0 club.
* * * LOW HITPOINT WARNING * * *
The gnoll hits you with a +0 whip.
* * * LOW HITPOINT WARNING * * *
The gnoll hits you with a +0 spear.
* * * LOW HITPOINT WARNING * * *
You are too berserk!
Unknown command.
You miss the gnoll.
The gnoll is heavily wounded.
You closely miss the gnoll. You barely miss the gnoll.
The gnoll barely misses you. The gnoll hits you but does no damage.
The gnoll hits you with a +0 spear.
* * * LOW HITPOINT WARNING * * *
The gnoll hits you with a +0 club.
You die...

#..## .... ...#
#..# ##..## #....
#####.#.# §.....g@#
§≈§≈≈.g.##
.§.≈..≈.g#########
.....≈≈..........#.
##
.._.[....##.#......
.
.....≈§..##......##
###
.§§≈..≈...........#
..
§§§≈≈...#.#........
#
.§§....##.#.......#
#


You could see 3 gnolls.

Vanquished Creatures
  2 gnolls
  3 adders
  7 endoplasms
  A giant cockroach (D:1)
  6 goblins
  2 hobgoblins (D:1)
  13 jackals
  5 kobolds
  A quokka (D:1)
  4 ball pythons
  5 bats
  7 frilled lizards
  5 rats
61 creatures vanquished.

Notes
Turn   | Place    | Note
-------+----------+-------------------------------------------
     0 | D:1      | lonewolfV2 the Hill Orc Fighter began the quest for the
                  | Orb.
     0 | D:1      | Reached XP level 1. HP: 19/19 MP: 1/1
   217 | D:1      | Reached XP level 2. HP: 27/27 MP: 2/2
   368 | D:1      | Reached XP level 3. HP: 29/33 MP: 3/3
  1053 | D:2      | Reached skill level 1 in Dodging
  1245 | D:2      | Reached XP level 4. HP: 40/40 MP: 4/4
  1967 | D:3      | Found a glowing golden altar of the Shining One.
  1988 | D:3      | HP: 2/60 [gnoll (2)]
  1990 | D:3      | Slain by a gnoll

Illustrated notes

Levels and vault maps discovered:
D:1:      minmay_arrival_arboretum_small, layout_basic, minmay_misc_feat_hallway
D:2:      kennysheep_six_static_rooms, layout_loops_corners
D:3:      layout_loops_cross, mainiacjoe_overflow_small_starburst

Skill      XL: |  1  2  3  4 |
---------------+-------------+-----
Axes           | 3 4 |  4.3
Fighting       | 4 |  4.0
Dodging        | 1 |  1.0
Armour         | 4 |  4.2
Shields        | |  3.7

Action                   |  1- 3 |  4- 6 || total
-------------------------+-------+-------++-------
Melee: War axe           |    95 |    58 ||   153
  Use: Scroll            |     1 |     4 ||     5
       Potion            |       |     2 ||     2
Armor: Scale mail        |    65 |    18 ||    83
Dodge: Dodged            |    53 |    39 ||    92
Block: Buckler           |    29 |    28 ||    57
       Reflection        |       |     1 ||     1

Table legend: (Time is in decaauts)
 A = Elapsed time spent in this place.
 B = Non-inter-level travel time spent in this place.
 C = Inter-level travel time spent in this place.
 D = Time resting spent in this place.
 E = Time spent auto-exploring this place.
 F = Levels seen in this place.
 G = Mean time per level.
                   A        B        C        D        E       F      G
               +--------+--------+--------+--------+--------+-----+--------+
         Total |   2045 |   2011 |     34 |      0 |   1495 |   3 |  681.7 |
       Dungeon |   2045 |   2011 |     34 |      0 |   1495 |   3 |  681.7 |
               +--------+--------+--------+--------+--------+-----+--------+

Top non-repeatable levels by time:
     D:2: 1082 daAuts
     D:1: 692 daAuts
     D:3: 271 daAuts
